Map: New Gettysburg LE

Players

Phi

  • Race: Protoss Protoss

A.I. 1 (Very Easy) - Winner!

  • Race: Protoss Protoss

VOD

Have the link to the VOD?

Description

Time

  • Played on: Sept. 25, 2016, 4:13 p.m.
  • Length: 5:00
Show
View Real Time Build Order
Export as new Build Order

Phi Protoss 

Build Orders: 1 Gate Expand 

Get SALT Encoding   

  12  0:01  Probe (Chrono Boost)  
  13  0:11  Probe (Chrono Boost)  
  14  0:19  Pylon  
  14  0:23  Probe (Chrono Boost)  
  15  0:37  Probe (Chrono Boost)  
  15  0:39  Gateway  
  16  0:43  Assimilator  
  16  0:48  Probe (Chrono Boost)  
  17  0:58  Probe (Chrono Boost)  
  18  1:09  Probe (Chrono Boost)  
  19  1:19  Probe (Chrono Boost)  
  20  1:26  Cybernetics Core  
  20  1:39  Nexus  
  20  1:45  Assimilator  
  21  1:47  Probe (Chrono Boost)  
  21  1:54  Pylon  
  21  1:57  Probe (Chrono Boost)  
  22  2:06  Warp Gate  
  22  2:12  Adept  
  22  2:14  Mothership Core (Chrono Boost)  
  26  2:33  Robotics Facility, Probe (Chrono Boost)  
  27  2:41  Adept  
  27  2:43  Probe (Chrono Boost)  
  30  2:52  Pylon  
  30  2:54  Probe (Chrono Boost)  
  30  2:56  Probe (Chrono Boost)  
  32  3:08  Probe x2 (Chrono Boost)  
  32  3:11  Adept  
  36  3:22  Observer  
  36  3:26  Gateway  
  37  3:27  Gateway  
  37  3:28  Probe (Chrono Boost)  
  37  3:30  Probe (Chrono Boost)  
  39  3:39  Adept  
  41  3:47  Observer  
  42  3:49  Probe x2 (Chrono Boost)  
  42  3:55  Pylon  
  44  3:59  Twilight Council  
  44  4:00  Probe x2 (Chrono Boost)  
  46  4:11  Immortal  
  50  4:25  Probe x2 (Chrono Boost)  
  50  4:26  Sentry  
  50  4:27  Sentry  
  56  4:40  Probe x2 (Chrono Boost)  
  56  4:45  Assimilator, Nexus  
  58  4:48  Assimilator  
Show
View Real Time Build Order
Export as new Build Order

A.I. 1 (Very Easy) Protoss - Winner!

Build Orders:  

Get SALT Encoding   

  12  0:01  Probe (Chrono Boost)  
  13  0:11  Probe (Chrono Boost)  
  14  0:20  Pylon  
  14  0:36  Assimilator  
  14  0:43  Gateway  
  14  0:45  Pylon  
  14  1:14  Assimilator  
  14  1:22  Probe (Chrono Boost)  
  16  1:32  Probe (Chrono Boost)  
  16  1:33  Cybernetics Core  
  16  1:43  Probe (Chrono Boost)  
  17  1:53  Probe (Chrono Boost)  
  18  1:58  Warp Gate  
  18  2:05  Probe (Chrono Boost)  
  19  2:10  Stalker  
  22  2:16  Probe (Chrono Boost)  
  22  4:26  Probe (Chrono Boost)  
Tags
 
Add a new tag
Caveats
  • Supply blocks, unpowered buildings, or Contaminate may cause inaccurate times.
  • Supply counts are checked every 10 seconds.